 Dungeon Crawl Stone Soup version 0.27.1-2-g3b301248ec (webtiles) character file.

Game seed: 11828193854895264260

113 Renzlar the Shield-Bearer (level 4, -8/41 HPs)
             Began as a Gnoll Fighter on Sept 25, 2021.
             Killed by divine providence
             ... invoked by an orc priest
              (12 damage)
             ... on level 4 of the Dungeon.
             The game lasted 00:07:40 (3192 turns).

Renzlar the Shield-Bearer (Gnoll Fighter)           Turns: 3192, Time: 00:07:40

Health: -8/41      AC: 10    Str: 17    XL:     4   Next: 96%
Magic:  5/5        EV:  8    Int:  7    God:
Gold:   157        SH: 10    Dex: 11    Spells: 5/5 levels left

rFire    . . .     SeeInvis .   a - +0 war axe
rCold    . . .     Faith    .   h - +0 kite shield
rNeg     . . .     Spirit   .   b - +0 scale mail
rPois    .         Reflect  .   (no helmet)
rElec    .         Harm     .   (no cloak)
rCorr    .         Rampage  .   f - +1 pair of gloves
Will     .....                  (no boots)
Stlth    ..........             (no amulet)
HPRegen  0.13/turn              (no ring)
MPRegen  0.09/turn              (no ring)

@: no status effects
A: fangs 1, strong nose, distributed training
a: no special abilities


You were on level 4 of the Dungeon.
You visited 1 branch of the dungeon, and saw 4 of its levels.

You collected 157 gold pieces.

Inventory:

Hand Weapons
 a - a +0 war axe (weapon)
 c - a +0 hunting sling
 m - a +2 dagger of draining
Missiles
 j - 52 stones (quivered)
Armour
 b - a +0 scale mail (worn)
 f - a +1 pair of gloves (worn)
 h - a +0 kite shield (worn)
Jewellery
 o - a ring of protection from fire
Scrolls
 e - 2 scrolls of fog
Potions
 d - 2 potions of might
 g - a potion of flight
 i - a potion of heal wounds
 k - a potion of berserk rage {unknown}
 l - a potion of cancellation {unknown}
 n - a potion of degeneration {unknown}


   Skills:
 + Level 6.6 Fighting
 + Level 1.3 Short Blades
 + Level 1.3 Long Blades
 + Level 4.7 Axes
 + Level 1.3 Maces & Flails
 + Level 1.3 Polearms
 + Level 1.3 Staves
 + Level 1.3 Slings
 + Level 1.3 Bows
 + Level 1.3 Crossbows
 + Level 1.3 Throwing
 + Level 6.6 Armour
 + Level 1.3 Dodging
 + Level 1.3 Stealth
 + Level 6.6 Shields
 + Level 1.3 Unarmed Combat
 + Level 1.3 Spellcasting
 + Level 1.0 Conjurations
 + Level 1.0 Hexes
 + Level 1.0 Summonings
 + Level 1.0 Necromancy
 + Level 1.0 Translocations
 + Level 1.0 Transmutations
 + Level 1.0 Fire Magic
 + Level 1.0 Ice Magic
 + Level 1.0 Air Magic
 + Level 1.0 Earth Magic
 + Level 1.0 Poison Magic
 + Level 1.4 Invocations
 + Level 1.3 Evocations


You had 5 spell levels left.
You didn't know any spells.
Your spell library was empty.

Dungeon Overview and Level Annotations

Branches:
Dungeon (4/15)
 Temple: D:4-7

Altars:
Sif Muna


Innate Abilities, Weirdness & Mutations

You have very sharp teeth.
Your uncanny sense of smell can sniff out nearby items.
Your experience applies equally to all skills.


Message History

You start resting.
HP restored.
You see here a +0 flail.
There is a stone staircase leading down, spattered with blood here.
You climb downwards.
You block the orc priest's attack.
There is a stone staircase leading up here.
Unknown command.
Your scale mail prevents you from hitting the orc priest.
You block the orc priest's attack. The orc priest barely misses you.
You closely miss the orc priest. Your bite misses the orc priest.
The orc priest hits you but does no damage.
You closely miss the orc priest.
The orc priest invokes the aid of Beogh against you.
Beogh smites you!
The orc priest hits you with a +0 vorpal mace.
You hit the orc priest.
The orc priest is moderately wounded.
The orc priest mumbles some strange prayers to Beogh against you.
Pain shoots through your body!
You hit the orc priest but do no damage.
You bite the orc priest.
The orc priest is moderately wounded.
The orc priest hits you with a +0 vorpal mace.
* * * LOW HITPOINT WARNING * * *
x2 You block the orc priest's attack.
You barely miss the orc priest.
The orc priest is moderately wounded.
You block the orc priest's attack.
You hit the orc priest.
The orc priest is heavily wounded.
The orc priest invokes the aid of Beogh against you.
Pain shoots through your body!
* * * LOW HITPOINT WARNING * * *
Unknown command.
You closely miss the orc priest.
The orc priest is heavily wounded.
The orc priest barely misses you.
The orc priest mumbles some strange prayers to Beogh against you.
Beogh smites you!
You die...

########## #...o.o..#
#.######.# #o# ##'###
#o# #....# #@# #....#
#########....#
........o....+
#####.......#
#.##....# #.##....####
.##########...........
....o..oo.o...........
...o##################


You could see an orc priest and an orc.

Vanquished Creatures
  Jessica (D:3)
  3 adders
  A worm (D:3)
  A dart slug (D:1)
  3 orcs (D:3)
  7 endoplasms
  2 giant cockroaches (D:1)
  6 goblins
  3 hobgoblins (D:1)
  A quokka (D:3)
  6 ball pythons
  5 bats
  6 kobolds
  8 rats
53 creatures vanquished.

Notes
Turn   | Place    | Note
-------+----------+-------------------------------------------
     0 | D:1      | Renzlar the Gnoll Fighter began the quest for the Orb.
     0 | D:1      | Reached XP level 1. HP: 23/23 MP: 1/1
   157 | D:1      | Reached XP level 2. HP: 28/29 MP: 2/2
   405 | D:1      | Found a faded altar of an unknown god.
   899 | D:2      | Reached XP level 3. HP: 30/35 MP: 3/3
  1336 | D:2      | Reached skill level 1 in Invocations
  1468 | D:2      | Reached skill level 1 in Short Blades
  1468 | D:2      | Reached skill level 1 in Long Blades
  1468 | D:2      | Reached skill level 1 in Maces & Flails
  1468 | D:2      | Reached skill level 1 in Polearms
  1468 | D:2      | Reached skill level 1 in Staves
  1468 | D:2      | Reached skill level 1 in Slings
  1468 | D:2      | Reached skill level 1 in Bows
  1468 | D:2      | Reached skill level 1 in Crossbows
  1468 | D:2      | Reached skill level 1 in Throwing
  1468 | D:2      | Reached skill level 1 in Dodging
  1468 | D:2      | Reached skill level 1 in Stealth
  1468 | D:2      | Reached skill level 1 in Unarmed Combat
  1468 | D:2      | Reached skill level 1 in Spellcasting
  1468 | D:2      | Reached skill level 1 in Evocations
  2002 | D:3      | Reached XP level 4. HP: 40/41 MP: 5/5
  2333 | D:3      | Noticed Jessica
  2340 | D:3      | Found a shimmering blue altar of Sif Muna.
  2343 | D:3      | Killed Jessica
  2344 | D:3      | Reached skill level 1 in Conjurations
  2344 | D:3      | Reached skill level 1 in Hexes
  2344 | D:3      | Reached skill level 1 in Summonings
  2344 | D:3      | Reached skill level 1 in Necromancy
  2344 | D:3      | Reached skill level 1 in Translocations
  2344 | D:3      | Reached skill level 1 in Transmutations
  2344 | D:3      | Reached skill level 1 in Fire Magic
  2344 | D:3      | Reached skill level 1 in Ice Magic
  2344 | D:3      | Reached skill level 1 in Air Magic
  2344 | D:3      | Reached skill level 1 in Earth Magic
  2344 | D:3      | Reached skill level 1 in Poison Magic
  3192 | D:4      | Killed from afar by an orc priest

Illustrated notes

Levels and vault maps discovered:
D:1:      heliophobic_arrival_battle_scene, layout_loops_cross,
          hellmonk_ecumenical_altar_run_dry, minmay_tromino_v4_c
D:2:      layout_basic
D:3:      layout_basic, tgw_sif
D:4:      layout_basic, nicolae_uskayaw_en_pointe, makhleb_altar_promises_db,
          minmay_temple_entry_offerings

Skill      XL: |  1  2  3  4 |
---------------+-------------+-----
Invocations    | 1 |  1.4
Short Blades   | 1 |  1.3
Long Blades    | 1 |  1.3
Maces & Flails | 1 |  1.3
Polearms       | 1 |  1.3
Staves         | 1 |  1.3
Slings         | 1 |  1.3
Bows           | 1 |  1.3
Crossbows      | 1 |  1.3
Throwing       | 1 |  1.3
Dodging        | 1 |  1.3
Stealth        | 1 |  1.3
Unarmed Combat | 1 |  1.3
Spellcasting   | 1 |  1.3
Evocations     | 1 |  1.3
Conjurations   | 1 |  1.0
Hexes          | 1 |  1.0
Summonings     | 1 |  1.0
Necromancy     | 1 |  1.0
Translocations | 1 |  1.0
Transmutations | 1 |  1.0
Fire Magic     | 1 |  1.0
Ice Magic      | 1 |  1.0
Air Magic      | 1 |  1.0
Earth Magic    | 1 |  1.0
Poison Magic   | 1 |  1.0
Fighting       | |  6.6
Axes           | |  4.7
Armour         | |  6.6
Shields        | |  6.6

Action                   |  1- 3 |  4- 6 || total
-------------------------+-------+-------++-------
Melee: War axe           |    97 |    55 ||   152
       Bite              |     7 |     4 ||    11
 Fire: Hunting sling     |     2 |       ||     2
  Use: Scroll            |     4 |     2 ||     6
Armor: Scale mail        |    40 |    16 ||    56
Dodge: Dodged            |    23 |    11 ||    34
Block: Kite shield       |    43 |    26 ||    69
